 Dungeon Crawl Stone Soup version 0.28.0 (webtiles) character file.

Game seed: 13320926134648084631

44 themarg the Vandal (level 3, -1/31 HPs)
             Began as a Gnoll Wanderer on Feb 8, 2022.
             Slain by a goblin (2 damage)
             ... led by Robin
             ... on level 2 of the Dungeon.
             The game lasted 00:08:43 (1354 turns).

themarg the Vandal (Gnoll Wanderer)                 Turns: 1354, Time: 00:08:43

Health: -1/31      AC:  5    Str: 12    XL:     3   Next: 62%
Magic:  4/4        EV: 11    Int: 11    God:
Gold:   85         SH:  0    Dex: 12    Spells: 3/3 levels left

rFire   x . .      SeeInvis .   h - +0 flail
rCold   + . .      Faith    .   (no shield)
rNeg    . . .      Spirit   .   e - +0 leather armour
rPois   .          Reflect  .   (no helmet)
rElec   .          Harm     .   (no cloak)
rCorr   .          Rampage  .   g - +0 pair of gloves
Will    .....                   d - +0 pair of boots
Stlth   +++.......              (no amulet)
HPRegen 0.10/turn               f - ring of ice
MPRegen 0.09/turn               (no ring)

@: no status effects
A: fangs 1, strong nose, distributed training
a: no special abilities


You were on level 2 of the Dungeon.
You visited 1 branch of the dungeon, and saw 2 of its levels.

You collected 85 gold pieces.

Inventory:

Hand Weapons
 a - a +2 hunting sling
 c - a +0 quarterstaff
 h - a +0 flail (weapon)
Missiles
 b - 7 sling bullets
 n - 9 stones (quivered)
Armour
 d - a +0 pair of boots (worn)
 e - a +0 leather armour (worn)
 g - a +0 pair of gloves (worn)
Magical Staves
 j - a staff of conjuration
Jewellery
 f - a ring of ice (left hand)
 k - a ring of willpower
Scrolls
 i - a scroll of amnesia {unknown}
 l - a scroll of enchant armour {unknown}
 o - a scroll of teleportation {unknown}
 p - 2 scrolls of noise {unknown}
 q - a scroll of identify {unknown}
Potions
 r - a potion of heal wounds {unknown}


   Skills:
 + Level 4.5 Fighting
 + Level 0.9 Short Blades
 + Level 0.9 Long Blades
 + Level 0.9 Axes
 + Level 0.9 Maces & Flails
 + Level 0.9 Polearms
 + Level 2.6 Staves
 + Level 6.5 Slings
 + Level 0.9 Bows
 + Level 0.9 Crossbows
 + Level 0.9 Throwing
 + Level 2.6 Armour
 + Level 0.9 Dodging
 + Level 6.0 Stealth
 + Level 0.9 Shields
 + Level 0.9 Unarmed Combat
 + Level 0.9 Spellcasting
 + Level 0.6 Conjurations
 + Level 0.6 Hexes
 + Level 0.6 Summonings
 + Level 0.6 Necromancy
 + Level 0.6 Translocations
 + Level 0.6 Transmutations
 + Level 0.6 Fire Magic
 + Level 0.6 Ice Magic
 + Level 0.6 Air Magic
 + Level 0.6 Earth Magic
 + Level 0.6 Poison Magic
 + Level 1.0 Invocations
 + Level 0.9 Evocations


You had 3 spell levels left.
You didn't know any spells.
Your spell library was empty.

Dungeon Overview and Level Annotations

Branches:
Dungeon (2/15)

Altars:

Annotations:
D:2 Jessica, Robin


Innate Abilities, Weirdness & Mutations

You have very sharp teeth.
Your uncanny sense of smell can sniff out nearby items.
Your experience applies equally to all skills.


Message History

You shoot a sling bullet.
The sling bullet barely misses the goblin.
The sling bullet completely misses the goblin.
Robin of the Strong Arm comes into view.
They are wielding a +0 short sword.
Fire: 8 sling bullets
Press: ? - help, Q - select action, (/) - cycle Shift-Dir - straight line, f/p - goblin
Aim: a goblin, wielding a +0 club (59% to hit)
You shoot a sling bullet.
The sling bullet hits the goblin but does no damage.
Robin roars a battlecry!
The goblins go into a battle-frenzy!
h - a +0 flail (weapon)
A goblin comes into view. It is wielding a +0 club.
The goblin hits you with a +0 club.
A hobgoblin comes into view.
Robin throws the goblin at you! The goblin hits you with a +0 club.
You barely miss the goblin. The goblin hits you with a +0 club.
The goblin barely misses you. The goblin hits you but does no damage.
The hobgoblin shouts!
You hit the goblin but do no damage. Your bite misses the goblin.
The goblin barely misses you. The goblin hits you but does no damage.
The goblin hits you with a +0 club.
You hit the goblin.
The goblin is moderately wounded.
The goblin hits you but does no damage. x2
You hit the goblin.
You kill the goblin!
The goblin hits you with a +0 club.
You barely miss the goblin. The goblin barely misses you.
The goblin hits you with a +0 club. x2
* * * LOW HITPOINT WARNING * * *
The goblin hits you but does no damage.
You barely miss the goblin. The goblin hits you with a +0 club.
* * * LOW HITPOINT WARNING * * *
The goblin misses you.
As you read the scroll labelled SOTADEIFUN, it crumbles to dust.
The creatures around you are filled with an inner flame!
It was a scroll of immolation.
The goblin closely misses you. The goblin hits you with a +0 club.
You die...

#.#
#####
#...รท
#.#
#....
#.#
#....
#.#
#....
#.#
#####
#.#
#.#
#g#
#@#
#g#
#g#
#g#
#(#
#.#
#(#
..#


You could see Robin (inner flame), a hobgoblin (inner flame, strong) and 2
goblins.

Vanquished Creatures
  An adder (D:2)
  A worm (D:2)
  4 endoplasms
  2 giant cockroaches
  5 goblins
  A hobgoblin (D:1)
  3 jackals (D:2)
  A kobold (D:1)
  2 quokkas (D:2)
  2 ball pythons
  5 bats
  2 frilled lizards (D:2)
  2 rats (D:1)
31 creatures vanquished.

Notes
Turn   | Place    | Note
-------+----------+-------------------------------------------
     0 | D:1      | themarg the Gnoll Wanderer began the quest for the Orb.
     0 | D:1      | themarg set off with the following items: a +2 hunting
                  | sling, 18 sling bullets, a +0 quarterstaff, a +0 pair of
                  | boots, a +0 leather armour
     0 | D:1      | Reached XP level 1. HP: 20/20 MP: 1/1
   463 | D:1      | Reached XP level 2. HP: 26/26 MP: 2/2
   852 | D:2      | Noticed Jessica
   932 | D:2      | Reached XP level 3. HP: 29/31 MP: 3/3
  1073 | D:2      | Reached skill level 1 in Invocations
  1344 | D:2      | Noticed Robin
  1353 | D:2      | HP: 1/31 [goblin[Robin] (5)]
  1354 | D:2      | Slain by a goblin

Illustrated notes

Levels and vault maps discovered:
D:1:      saegor_arrival_fortress, layout_basic
D:2:      kennysheep_six_static_rooms, layout_basic, minmay_tetromino_i4,
          uniq_jessica, uniq_robin

Skill      XL: |  1  2  3 |
---------------+----------+-----
Stealth        | 6 |  6.0
Invocations    | 1 |  1.0
Fighting       | |  4.5
Short Blades   | |  0.9
Long Blades    | |  0.9
Axes           | |  0.9
Maces & Flails | |  0.9
Polearms       | |  0.9
Staves         | |  2.6
Slings         | |  6.5
Bows           | |  0.9
Crossbows      | |  0.9
Throwing       | |  0.9
Armour         | |  2.6
Dodging        | |  0.9
Shields        | |  0.9
Unarmed Combat | |  0.9
Spellcasting   | |  0.9
Conjurations   | |  0.6
Hexes          | |  0.6
Summonings     | |  0.6
Necromancy     | |  0.6
Translocations | |  0.6
Transmutations | |  0.6
Fire Magic     | |  0.6
Ice Magic      | |  0.6
Air Magic      | |  0.6
Earth Magic    | |  0.6
Poison Magic   | |  0.6
Evocations     | |  0.9

Action                   || total
-------------------------++-------
Melee: Flail             ||    38
       Bite              ||     3
       Punch             ||     1
 Fire: Hunting sling     ||    63
  Use: Scroll            ||     1
Armor: Leather armour    ||    22
Dodge: Dodged            ||    44
